[Event "Early-Titled-Tuesday-Blitz-April-23-2024"]
[Site "Chess.com"]
[Date "2024.04.23"]
[Round "10"]
[White "stepanosinovsky"]
[Black "RasSanti"]
[Result "1-0"]
[WhiteElo "2377"]
[BlackElo "2268"]
[TimeControl "180+1"]
[EndTime "9:59:41 PDT"]
[Termination "stepanosinovsky won by checkmate"]

1. e4 d5 2. exd5 Qxd5 3. Nc3 Qd6 4. g3 Nf6 5. Bg2 Bg4 6. Nge2 Nc6 7. h3 Bxe2 8. Nxe2 e6 9. O-O Be7 10. a3 O-O 11. b4 Rad8 12. d3 Qd7 13. Bb2 a6 14.
Re1 Ne8 15. d4 Bf6 16. c3 Ne7 17. Qd3 c6 18. c4 e5 19. Rad1 Nc7 20. dxe5 Qxd3 21.
Rxd3 Rxd3 22. exf6 gxf6 23. Nf4 Rd7 24. Nh5 Ne8 25. h4 Rc7 26. Nxf6+ Nxf6 27. Bxf6 Nf5 28. Re5 Nh6 29. Rg5# 1-0

[Event "Early-Titled-Tuesday-Blitz-April-23-2024"]
[Site "Chess.com"]
[Date "2024.04.23"]
[Round "10"]
[White "K_A_S_T_O_R"]
[Black "TigrVShlyape"]
[Result "1/2-1/2"]
[WhiteElo "2876"]
[BlackElo "3029"]
[TimeControl "180+1"]
[EndTime "9:59:43 PDT"]
[Termination "Game drawn by repetition"]

1. e4 c5 2. Nf3 e6 3. d4 cxd4 4. Nxd4 a6 5. Bd3 Nf6 6. O-O d6 7. c4 b6 8. Qe2 Bb7 9. Nc3 g6 10. f4 Bg7 11. f5 Qe7 12. fxe6 fxe6 13. Bg5 Nbd7 14. Nf3 O-O 15. Rae1 h6 16. Bh4 g5 17. Bf2 Ng4 18. Bg3 Nge5 19. Nxe5 Nxe5 20. Bc2 Qc7 21. Bb3 Rxf1+ 22. Rxf1 Rf8 23. Bf2 Kh8 24. c5 dxc5 25. Bxe6 Qd6 26. Bd5 Bc8 27. Bg3 Rxf1+ 28. Qxf1 Qe7 29.
h3 b5 30. a3 c4 31. Qe2 Nd3 32. Kh1 Be5 33. Bxe5+ Nxe5 34. Qf2 Kg7 35. Qd4 Kg6 36. Ba8 Qf6 37. Nd5 Qe6 38. Qc5 Bd7 39. Qf8 Qf7 40.
Ne7+ Kh7 41. Qd8 Qf1+ 42. Kh2 Qf4+ 43. Kh1 Qf1+ 44. Kh2 Qf4+ 45. Kh1 Qf1+ 1/2-1/2

[Event "Early-Titled-Tuesday-Blitz-April-23-2024"]
[Site "Chess.com"]
[Date "2024.04.23"]
[Round "10"]
[White "JaackCamel"]
[Black "SmirnovTimofey2000"]
[Result "1-0"]
[WhiteElo "2208"]
[BlackElo "1982"]
[TimeControl "180+1"]
[EndTime "9:59:43 PDT"]
[Termination "JaackCamel won by checkmate"]

1. d4 d5 2. c4 c6 3. cxd5 cxd5 4. Bf4 Nf6 5. e3 Nc6 6. Nc3 a6 7. Bd3 e6 8. h3 Bd6 9. Bxd6 Qxd6 10. f4 b5 11. Nf3 b4 12. Na4 a5 13. Nc5 Nd7 14. Nxd7 Bxd7 15. O-O O-O 16. Ne5 Nxe5 17. fxe5 Qb6 18. Qh5 g6 19. Qh6 Bb5 20. Bxb5 Qxb5 21.
Rf6 Qd3 22. Raf1 Rac8 23. h4 Rc7 24. h5 Rfc8 25. hxg6 hxg6 26. R6f3 a4 27. Rh3 f5 28. Qh8+ Kf7 29. Rh7# 1-0

[Event "Early-Titled-Tuesday-Blitz-April-23-2024"]
[Site "Chess.com"]
[Date "2024.04.23"]
[Round "10"]
[White "AradNazari"]
[Black "Prizant_academy"]
[Result "0-1"]
[WhiteElo "2754"]
[BlackElo "2949"]
[TimeControl "180+1"]
[EndTime "9:59:46 PDT"]
[Termination "Prizant_academy won by resignation"]

1. e4 c5 2. Nf3 e6 3. d4 cxd4 4. Nxd4 Nf6 5. Nc3 Nc6 6. Nxc6 bxc6 7. e5 Nd5 8. Ne4 Qc7 9. f4 Rb8 10. c4 Bb4+ 11. Ke2 O-O 12. a3 Be7 13. cxd5 cxd5 14.
Nd6 f6 15. Nxc8 Rfxc8 16. exf6 Bxf6 17. Rb1 Kh8 18. Kf3 Qc6 19. Bd3 e5 20. fxe5 Bxe5 21.
Re1 Rf8+ 22. Ke2 Rbe8 23. Be3 Bd4 24. Kd2 Bxe3+ 25. Rxe3 Qh6 26. Kc2 Qxe3 27. Qh5 Rf2+ 28. Kc3 Rc8+ 29. Kb4 Qd4+ 0-1

[Event "Early-Titled-Tuesday-Blitz-April-23-2024"]
[Site "Chess.com"]
[Date "2024.04.23"]
[Round "10"]
[White "TacticalSam94"]
[Black "stratacticos"]
[Result "1-0"]
[WhiteElo "2197"]
[BlackElo "1861"]
[TimeControl "180+1"]
[EndTime "9:59:47 PDT"]
[Termination "TacticalSam94 won on time"]

1. e4 c5 2. Nf3 Nc6 3. d4 cxd4 4. Nxd4 e5 5. Nb5 d6 6. c4 Be6 7. N1c3 a6 8. Na3 Be7 9. Be3 Nf6 10. Be2 O-O 11. O-O Rc8 12. Qd2 Ng4 13. Bxg4 Bxg4 14.
Rac1 h6 15. Nd5 Bg5 16. Nc2 Bxe3 17. Ncxe3 Be6 18. Rfd1 Nd4 19. b3 b5 20. cxb5 Rxc1 21.
Rxc1 axb5 22. Nc2 Bxd5 23. exd5 Nxc2 24. Qxc2 Qg5 25. Rd1 Ra8 26. h3 e4 27. Qxe4 Rxa2 28. Qe8+ Kh7 29. Qxb5 Qf5 30. Qd3 Qxd3 31. Rxd3 Rb2 32.
g4 Kg6 33. f4 Kf6 34. Kf1 g6 35. Ke1 Ke7 36. Kd1 f5 37. Kc1 Rg2 38. gxf5 gxf5 39.
b4 Rf2 40. Rd4 Kd7 41. Rc4 Rf3 42. Kc2 Rxh3 43. b5 Rg3 44. b6 Rg8 45. Rc7+ Kd8 46. Rh7 Kc8 47. Rxh6 Kb7 48. Rxd6 1-0

[Event "Early-Titled-Tuesday-Blitz-April-23-2024"]
[Site "Chess.com"]
[Date "2024.04.23"]
[Round "10"]
[White "GalaxyRoman"]
[Black "jinbojinbo"]
[Result "1-0"]
[WhiteElo "2792"]
[BlackElo "2654"]
[TimeControl "180+1"]
[EndTime "9:59:48 PDT"]
[Termination "GalaxyRoman won by checkmate"]

1. e4 e5 2. Nf3 Nc6 3. Bc4 Bc5 4. c3 Nf6 5. d3 d6 6. Bb3 a6 7. Nbd2 Ba7 8. h3 O-O 9. Nf1 Be6 10. Bc2 Ne7 11. Qe2 Ng6 12. Bg5 h6 13. Bxf6 Qxf6 14. g3 Qe7 15. Ne3 c6 16. Nf5 Qd7 17.
N5h4 Nxh4 18. Nxh4 d5 19. g4 dxe4 20. dxe4 Rad8 21. Nf5 Bc4 22. Qd1 Qe6 23. Qf3 Bxa2 24. g5 g6 25. Nxh6+ Kg7 26. Ng4 Bc4 27. h4 Rh8 28. h5 Rxh5 29. Rxh5 gxh5 30. Nf6 Qd6 31. Rd1 Qe7 32. Qxh5 Rxd1+ 33. Bxd1 Qe6 34. Qh6# 1-0

[Event "Early-Titled-Tuesday-Blitz-April-23-2024"]
[Site "Chess.com"]
[Date "2024.04.23"]
[Round "10"]
[White "GlavkonVVS"]
[Black "BardArtem"]
[Result "1-0"]
[WhiteElo "2635"]
[BlackElo "2831"]
[TimeControl "180+1"]
[EndTime "9:59:50 PDT"]
[Termination "GlavkonVVS won by checkmate"]

1. c4 c6 2. Nc3 d5 3. d4 dxc4 4. a4 e5 5. dxe5 Qxd1+ 6. Kxd1 Be6 7. e4 Nd7 8. f4 O-O-O 9. Kc2 f5 10. g4 g6 11.
gxf5 gxf5 12. Bh3 Ne7 13. Nge2 Nc5 14. Be3 fxe4 15. Bxe6+ Nxe6 16. Bxa7 Nd5 17. Raf1 b6 18. Nxd5 cxd5 19. Bxb6 d4 20. Kb1 d3 21. Nc3 e3 22.
Bxe3 Bc5 23. Bxc5 Nxc5 24. f5 Kc7 25. Rf4 Rhg8 26. Rxc4 Kb6 27. a5+ Kxa5 28. Rxc5+ Kb4 29. Rd5 Ra8 30. Rxd3 Kc4 31. Rhd1 Rg7 32. f6 Rga7 33.
Kc2 Kc5 34. Rd6 Kb4 35. R1d5 Kc4 36. Rc6+ Kb4 37. Rb5# 1-0

[Event "Early-Titled-Tuesday-Blitz-April-23-2024"]
[Site "Chess.com"]
[Date "2024.04.23"]
[Round "10"]
[White "average_trans"]
[Black "Nikita_Klepikov"]
[Result "1-0"]
[WhiteElo "2258"]
[BlackElo "2333"]
[TimeControl "180+1"]
[EndTime "9:59:50 PDT"]
[Termination "average_trans won by resignation"]

1. d4 Nf6 2. Nc3 d5 3. Bg5 c5 4. dxc5 e6 5. e4 d4 6. Nb5 Bxc5 7. e5 h6 8. exf6 hxg5 9. fxg7 Rg8 10. Qh5 Rxg7 11.
Qh8+ Bf8 12. O-O-O Nc6 13. Nf3 e5 14. Bc4 a6 15. Rhe1 f6 16. Qh5+ Kd7 17. Nbxd4 exd4 18. Nxd4 Nxd4 19. Rxd4+ Bd6 20. Red1 Kc7 21. Rxd6 Rd7 22.
Rxd7+ Bxd7 23. Be6 Bxe6 24. Rxd8 Rxd8 25. Qh6 Rd6 26.
Qxf6 Bg4 27. Qe7+ Kc6 28. f3 Be6 29. Qxg5 Bc4 30. b3 Bd5 1-0

[Event "Early-Titled-Tuesday-Blitz-April-23-2024"]
[Site "Chess.com"]
[Date "2024.04.23"]
[Round "10"]
[White "Nemegejas"]
[Black "profedechess93"]
[Result "1-0"]
[WhiteElo "2819"]
[BlackElo "2685"]
[TimeControl "180+1"]
[EndTime "9:59:51 PDT"]
[Termination "Nemegejas won by resignation"]

1. d4 d5 2. Nf3 Nf6 3. e3 c5 4. dxc5 e6 5. b4 a5 6. c3 Bd7 7.
Nbd2 axb4 8. cxb4 b6 9. cxb6 Bxb4 10. Rb1 Qxb6 11. a3 Bxd2+ 12. Bxd2 Qa7 13. Bd3 Nc6 14. O-O O-O 15. Bb4 Rfb8 16. Bd6 Rxb1 17. Qxb1 h6 18. Rc1 Be8 19. h3 Qa5 20. Qb7 Nd8 21. Qe7 1-0

[Event "Early-Titled-Tuesday-Blitz-April-23-2024"]
[Site "Chess.com"]
[Date "2024.04.23"]
[Round "10"]
[White "chess_sharparchitect"]
[Black "HanSchut"]
[Result "0-1"]
[WhiteElo "2224"]
[BlackElo "2337"]
[TimeControl "180+1"]
[EndTime "9:59:51 PDT"]
[Termination "HanSchut won by resignation"]

1. c4 Nf6 2. Nc3 d5 3. cxd5 Nxd5 4. d4 g6 5. e4 Nxc3 6. bxc3 Bg7 7. Nf3 c5 8. Be3 Qa5 9. Qd2 Nc6 10. Bc4 O-O 11.
Rd1 Bg4 12. Be2 Rfd8 13. e5 Bxf3 14. Bxf3 Nxe5 15. Bxb7 Rab8 16. Be4 Nc4 17. Qc2 cxd4 18. Bf4 e5 19. Bg5 f6 20. Bh4 Rb2 21. Qc1 dxc3 22.
Rxd8+ Qxd8 23. Qxc3 Qd2+ 24. Qxd2 Nxd2 25. Bd5+ Kf8 26.
Ke2 g5 27. Bg3 f5 28. Bf4 exf4 29. Rd1 Ne4+ 30. Kd3 Rxf2 0-1

[Event "Early-Titled-Tuesday-Blitz-April-23-2024"]
[Site "Chess.com"]
[Date "2024.04.23"]
[Round "10"]
[White "Gryffindorac8"]
[Black "Fh2411"]
[Result "0-1"]
[WhiteElo "2458"]
[BlackElo "2573"]
[TimeControl "180+1"]
[EndTime "9:59:58 PDT"]
[Termination "Fh2411 won by resignation"]

1. d4 d5 2. c4 c6 3. Nf3 Nf6 4. Nc3 a6 5. g3 dxc4 6. Bg2 b5 7.
O-O Bb7 8. Ne5 e6 9. a4 Qc8 10. e4 Be7 11. Ne2 O-O 12. b3 cxb3 13. Qxb3 Nbd7 14.
Rd1 Nxe5 15. dxe5 Nd7 16. Bb2 Nc5 17. Qc2 Nxa4 18. Rxa4 bxa4 19. Qxa4 Rd8 20. h4 c5 21. h5 h6 22. Nc3 Qc6 23. Qc2 Rxd1+ 24. Qxd1 Rd8 25. Qc2 c4 26. Nd1 Bb4 27. Bc3 a5 28. Kh2 Rd3 29. Bb2 Rd2 30. Qc1 Qd7 31. Ne3 Rxf2 32.
Nxc4 Bxe4 33. Ne3 Qd2 34. Qxd2 Bxd2 0-1

[Event "Early-Titled-Tuesday-Blitz-April-23-2024"]
[Site "Chess.com"]
[Date "2024.04.23"]
[Round "10"]
[White "NovakRatko"]
[Black "mapleaff"]
[Result "1-0"]
[WhiteElo "2376"]
[BlackElo "2268"]
[TimeControl "180+1"]
[EndTime "9:59:58 PDT"]
[Termination "NovakRatko won by resignation"]

1. d4 Nf6 2. c4 g6 3. Nc3 Bg7 4.
e4 d6 5. f3 O-O 6. Be3 Nc6 7.
Qd2 e5 8. d5 Nd4 9. Nge2 c5 10.
dxc6 bxc6 11. Nxd4 exd4 12. Bxd4 Re8 13. Be2 d5 14. cxd5 cxd5 15. Bxf6 Qxf6 16. Nxd5 Qxb2 17. Qxb2 Bxb2 18. Rb1 Be5 19. f4 Bd4 20. Nc7 Rxe4 21. Nxa8 Ba6 22. Nc7 Rxe2+ 23. Kd1 Rxa2 24. Nxa6 Rxa6 25.
Kd2 Ra2+ 26. Kd3 Bb6 27. g3 h5 28. Rb3 Kg7 29. h4 Rg2 30. Ke4 Re2+ 31. Kf3 Re6 32.
Rd1 Rc6 33. Rd7 Rc2 34. Rb7 Kf6 35. Rd3 Rf2+ 36. Ke4 Re2+ 37. Kd5 Re6 38. Kc4 Rc6+ 39. Kb5 Re6 40. Kc4 Kg7 41. Rdd7 Rf6 42. Kd5 Bf2 43.
Rb3 Bb6 44. Ke4 Re6+ 45. Kf3 Rf6 46. Rb7 Re6 47. Rd3 Rf6 48. Rdd7 Bd4 49. Rxd4 1-0

[Event "Early-Titled-Tuesday-Blitz-April-23-2024"]
[Site "Chess.com"]
[Date "2024.04.23"]
[Round "10"]
[White "maracayo"]
[Black "rionelG"]
[Result "1-0"]
[WhiteElo "2348"]
[BlackElo "2221"]
[TimeControl "180+1"]
[EndTime "10:00:01 PDT"]
[Termination "maracayo won by checkmate"]

1. e4 c5 2. Nf3 d6 3. d3 g6 4. Nbd2 Bg7 5. Be2 Nc6 6. h3 e6 7.
c3 Nge7 8. O-O O-O 9. Re1 b6 10. Bf1 Bb7 11. Nb3 d5 12. exd5 Nxd5 13. d4 cxd4 14. Nbxd4 Nxd4 15. cxd4 Rc8 16. Bg5 Qd6 17. a3 h6 18. Bh4 Nf4 19. Bg3 g5 20. h4 Bxf3 21. Qxf3 Qxd4 22. hxg5 hxg5 23. Rad1 Qxb2 24. Rd7 a5 25. Bxf4 gxf4 26. Qe4 Qxa3 27. Bd3 Rfd8 28.
Rxf7 Kxf7 29. Qxe6+ Kf8 30. Bh7 Rc1 31. Qg8# 1-0

[Event "Early-Titled-Tuesday-Blitz-April-23-2024"]
[Site "Chess.com"]
[Date "2024.04.23"]
[Round "10"]
[White "MatyChess1"]
[Black "Eagle_2019"]
[Result "0-1"]
[WhiteElo "2698"]
[BlackElo "2853"]
[TimeControl "180+1"]
[EndTime "10:00:03 PDT"]
[Termination "Eagle_2019 won on time"]

1. Nf3 d5 2. g3 b6 3. c4 dxc4 4.
Qa4+ Nd7 5. Qxc4 Bb7 6. Bg2 e6 7. O-O Ngf6 8. Qc2 c5 9. Nc3 Be7 10. Rd1 O-O 11. e4 Rc8 12. d4 cxd4 13. Nxd4 Qe8 14. Qe2 Nc5 15. Bf4 Ba6 16. Qe3 e5 17. Bxe5 Ng4 18. Qf4 Nxe5 19. Qxe5 Nd3 20. Rxd3 Bxd3 21.
Nd5 Bc5 22. Qf5 Bxd4 23. Rd1 Ba6 0-1

[Event "Early-Titled-Tuesday-Blitz-April-23-2024"]
[Site "Chess.com"]
[Date "2024.04.23"]
[Round "10"]
[White "ural58"]
[Black "duone"]
[Result "1-0"]
[WhiteElo "2569"]
[BlackElo "2451"]
[TimeControl "180+1"]
[EndTime "10:00:04 PDT"]
[Termination "ural58 won by resignation"]

1. e4 c5 2. b3 Nf6 3. e5 Nd5 4. Nc3 Nxc3 5. dxc3 g6 6. Nf3 Bg7 7. Bc4 O-O 8. O-O Nc6 9. Bf4 a6 10. a4 b6 11. Qd2 Bb7 12. Rad1 Na5 13. Qxd7 Bxf3 14.
gxf3 Nxc4 15. bxc4 e6 16. Qc6 Qh4 17. Qe4 Rad8 18.
Bg3 Qxe4 19. fxe4 g5 20. f4 gxf4 21. Bxf4 Rfe8 22. Kf2 Kf8 23. Ke3 h6 24. Rb1 Rb8 25. Rfd1 Ke7 26. Rd6 Red8 27. Rbxb6 Rxb6 28. Rxb6 Rd1 29. Rxa6 Rc1 30. Kd3 Rf1 31. Bg3 Rf3+ 32. Kd2 h5 33. Ra7+ Ke8 34. Rc7 Bh6+ 35. Kd1 Rxc3 36. Rxc5 Re3 37. a5 Rxe4 38. a6 Rd4+ 39. Ke2 Re4+ 40.
Kf3 Re3+ 41. Kg2 Ra3 42. Rc6 Kd7 43. Rb6 Kc7 44. Rb7+ Kc6 45. Rxf7 Rxa6 46. Rf6 Bg7 47. Rxe6+ Kb7 48. Rxa6 Kxa6 49. e6 Bf6 50. Bd6 Kb7 51.
e7 Bxe7 52. Bxe7 Kc7 53. Bg5 Kc6 54. h4 Kc5 55. Kf3 Kxc4 56. Kf4 Kc3 57. Kf5 Kxc2 58. Kg6 Kd3 59. Kxh5 Ke4 60. Kg6 Kf3 61. h5 Kg4 62. h6 Kg3 63. h7 Kf3 64. h8=Q 1-0

[Event "Early-Titled-Tuesday-Blitz-April-23-2024"]
[Site "Chess.com"]
[Date "2024.04.23"]
[Round "10"]
[White "Chernov_Alexander_A"]
[Black "Acva-Alenok"]
[Result "1-0"]
[WhiteElo "2280"]
[BlackElo "2347"]
[TimeControl "180+1"]
[EndTime "10:00:04 PDT"]
[Termination "Chernov_Alexander_A won on time"]

1. d4 Nf6 2. Nf3 b6 3. c4 e6 4. Nc3 Bb7 5. Bg5 h6 6. Bh4 Bb4 7. e3 g5 8. Bg3 Ne4 9. Qc2 h5 10. Bd3 d5 11. cxd5 exd5 12. Bxe4 dxe4 13. Qa4+ Nc6 14.
Ne5 Rh6 15. h4 g4 16. O-O Be7 17. Nxe4 Bxh4 18. Bf4 Re6 19. Rfd1 Kf8 20. Ng3 Nxe5 21. dxe5 Qe7 22. Nxh5 Bg5 23. Rd7 Bc6 24. Rxe7 1-0

[Event "Early-Titled-Tuesday-Blitz-April-23-2024"]
[Site "Chess.com"]
[Date "2024.04.23"]
[Round "10"]
[White "jakopogi"]
[Black "karinachess1"]
[Result "1-0"]
[WhiteElo "2797"]
[BlackElo "2612"]
[TimeControl "180+1"]
[EndTime "10:00:05 PDT"]
[Termination "jakopogi won by resignation"]

1. e4 e5 2. Nf3 Nc6 3. Bb5 Nf6 4. O-O Nxe4 5. Re1 Nd6 6. Bxc6 dxc6 7. Rxe5+ Be7 8. Qe2 Bg4 9. d4 Qd7 10. h3 Bxf3 11.
Qxf3 O-O 12. c3 Bf6 13. Re2 Rae8 14. Be3 Nc4 15. Nd2 Nxd2 16. Rxd2 Qd5 17. Qg3 Re7 18. b3 Qf5 19. Rad1 Rfe8 20. c4 h5 21. d5 h4 22. Qg4 Qxg4 23. hxg4 cxd5 24. Rxd5 c6 25.
Rd7 a6 26. Kh2 g5 27. Kg1 Kg7 28. Kf1 Rxd7 29. Rxd7 Re7 30. Rd6 Re6 31. Rd3 Kf8 32.
Ke2 Ke8 33. Kf3 b5 34. cxb5 cxb5 35. Rd5 Rc6 36. Ke4 Ke7 37. Kf5 Bc3 38. Bxg5+ f6 39. Bxh4 Bb2 40. g5 fxg5 41. Bxg5+ Kf7 42. Rd7+ Ke8 43.
Rd8+ Kf7 44. Be3 Rc2 45. Rd2 Rxd2 46. Bxd2 Ke8 47. g4 Kf7 48. f4 Bd4 49. g5 Kg7 50.
Bb4 Kf7 51. Bd6 Kg8 52. Kg6 Bc5 53.
Bxc5 1-0

[Event "Early-Titled-Tuesday-Blitz-April-23-2024"]
[Site "Chess.com"]
[Date "2024.04.23"]
[Round "10"]
[White "FuenfgegenWilly"]
[Black "JJDAREK"]
[Result "1-0"]
[WhiteElo "2488"]
[BlackElo "2351"]
[TimeControl "180+1"]
[EndTime "10:00:05 PDT"]
[Termination "FuenfgegenWilly won by resignation"]

1. e4 d6 2. Nc3 g6 3. f4 Bg7 4. Nf3 c5 5. Bb5+ Bd7 6. Bc4 Nc6 7. O-O Nd4 8. d3 e6 9. Nxd4 cxd4 10. Nb5 Qb6 11.
a4 a6 12. a5 Qc5 13. b4 Qc6 14. Na3 Ne7 15. b5 axb5 16. Bxb5 Qc7 17. Bxd7+ Qxd7 18. Nc4 Nc8 19. f5 d5 20. fxe6 fxe6 21. exd5 exd5 22. Re1+ Kd8 23. Bg5+ Kc7 24. Bf4+ Kc6 25. Ne5+ Bxe5 26.
Bxe5 Re8 27. c4 dxc3 28. Qb3 Rxe5 29. Rxe5 d4 30. Qc4+ Kd6 31. Rd5+ 1-0

[Event "Early-Titled-Tuesday-Blitz-April-23-2024"]
[Site "Chess.com"]
[Date "2024.04.23"]
[Round "10"]
[White "2Coaches1Profile"]
[Black "LikeWater"]
[Result "0-1"]
[WhiteElo "2556"]
[BlackElo "2683"]
[TimeControl "180+1"]
[EndTime "10:00:06 PDT"]
[Termination "LikeWater won by checkmate"]

1. d4 Nf6 2. Bg5 c5 3. d5 g6 4.
Nc3 b5 5. Nxb5 Qa5+ 6. Nc3 Ne4 7. Bd2 Nxd2 8. Qxd2 Bg7 9. e4 O-O 10. Nf3 d6 11. Be2 Nd7 12. O-O Rb8 13. Rab1 Rxb2 14. Rxb2 Bxc3 15. Qc1 Bxb2 16. Qxb2 Ba6 17. Bxa6 Qxa6 18.
h4 Rb8 19. Qc3 Rb4 20. e5 Qxa2 21. exd6 exd6 22. Ra1 Qxd5 23. Rxa7 Ne5 24. Nxe5 dxe5 25. h5 Qd1+ 26. Kh2 Rh4+ 27. Kg3 Qg4# 0-1

[Event "Early-Titled-Tuesday-Blitz-April-23-2024"]
[Site "Chess.com"]
[Date "2024.04.23"]
[Round "10"]
[White "CSB7"]
[Black "biveklama"]
[Result "1-0"]
[WhiteElo "2806"]
[BlackElo "2615"]
[TimeControl "180+1"]
[EndTime "10:00:07 PDT"]
[Termination "CSB7 won on time"]

1. d4 d5 2. c4 c6 3. Nc3 Nf6 4. e3 e6 5. Nf3 Be7 6. Bd3 O-O 7. O-O Nbd7 8. Qc2 b6 9. b3 Bb7 10. Bb2 Re8 11. Rfd1 a5 12. Rac1 Qc7 13. e4 dxe4 14. Nxe4 Nxe4 15. Bxe4 Nf6 16. Bd3 c5 17. d5 exd5 18.
cxd5 h6 19. Bc4 Rad8 20. Qf5 Bc8 21. Qd3 Bb7 22. Be5 Bd6 23. Bxf6 gxf6 24. Qf5 Qe7 25. Bd3 1-0

[Event "Early-Titled-Tuesday-Blitz-April-23-2024"]
[Site "Chess.com"]
[Date "2024.04.23"]
[Round "10"]
[White "LamaChampetre"]
[Black "alvarorodriguezavila"]
[Result "0-1"]
[WhiteElo "2242"]
[BlackElo "2355"]
[TimeControl "180+1"]
[EndTime "10:00:09 PDT"]
[Termination "alvarorodriguezavila won on time"]

1. d4 Nf6 2. c4 Nc6 3. Nf3 e6 4. Nc3 Bb4 5. Bg5 h6 6. Bh4 g5 7. Bg3 Ne4 8. Rc1 f5 9. e3 h5 10.
Ne5 h4 11. Nxc6 bxc6 12. Be5 Rh7 13. h3 d6 14. Bh2 Qf6 15. Bd3 Bd7 16. O-O Nxc3 17.
bxc3 Ba5 18. Qa4 Bb6 19. Qa3 c5 20. Rfd1 Rg7 21. Qa6 g4 22. Qb7 Rd8 23. hxg4 Rxg4 24. Be2 Rg7 25. Qf3 Ke7 26. a4 Rdg8 27. Bf1 Bxa4 28.
Rd2 Rh8 29. Re1 h3 30. g3 Bd7 31. e4 fxe4 32. Qxf6+ Kxf6 33. Rxe4 Bc6 34. Rf4+ Ke7 35.
Re2 Kd7 36. Rf6 cxd4 37. cxd4 Bxd4 38. Rfxe6 Be5 0-1

[Event "Early-Titled-Tuesday-Blitz-April-23-2024"]
[Site "Chess.com"]
[Date "2024.04.23"]
[Round "10"]
[White "nekotyanof"]
[Black "Elegance_Riks"]
[Result "1-0"]
[WhiteElo "2694"]
[BlackElo "2786"]
[TimeControl "180+1"]
[EndTime "10:00:11 PDT"]
[Termination "nekotyanof won by resignation"]

1. e4 e6 2. d4 d5 3. Nd2 c5 4.
exd5 exd5 5. Bb5+ Nc6 6. Ngf3 Qe7+ 7. Qe2 Qxe2+ 8. Kxe2 a6 9. Bxc6+ bxc6 10. c4 f6 11. Rd1 a5 12. b3 Ba6 13. Ba3 cxd4 14. Bxf8 Kxf8 15. Nxd4 Ne7 16. Kf3 Kf7 17. c5 Rhe8 18.
Re1 Bb7 19. Kg3 Ng6 20. Nf5 Rxe1 21. Nd6+ Kf8 22. Rxe1 Ba6 23. f4 Bd3 24. Nf3 Ne7 25. Nd4 Ra7 26. Nxc6 Rc7 27. Nd4 Kg8 28. Ne8 Ra7 29.
c6 Nf5+ 30. Nxf5 Bxf5 31. Nd6 Be4 32. Rc1 Rc7 33. Nb5 Rc8 34. c7 Bf5 35. Nd6 1-0

[Event "Early-Titled-Tuesday-Blitz-April-23-2024"]
[Site "Chess.com"]
[Date "2024.04.23"]
[Round "10"]
[White "tetrix83"]
[Black "ValentinDragnev"]
[Result "1-0"]
[WhiteElo "2664"]
[BlackElo "2739"]
[TimeControl "180+1"]
[EndTime "10:00:11 PDT"]
[Termination "tetrix83 won by resignation"]

1. Nf3 Nc6 2. e4 e5 3. Bb5 a6 4. Bxc6 dxc6 5. O-O Be6 6. Nc3 f6 7. d4 Bg4 8. dxe5 Qxd1 9. Rxd1 Bxf3 10. gxf3 fxe5 11. f4 Bd6 12. fxe5 Bxe5 13. Ne2 Nf6 14. f4 Bd6 15. e5 Bc5+ 16. Kg2 Nd5 17. c4 Nb6 18. b3 O-O 19. Ng3 Rad8 20. Bd2 Rd3 21. Ne4 Be3 22. Bb4 Rxd1 23. Rxd1 Rxf4 24. e6 h6 25. Rd8+ Kh7 26. e7 Rxe4 27. e8=Q Rxe8 28.
Rxe8 Bf4 29. Rb8 Nd7 30. Rxb7 Kg6 31. Ra7 Kf5 32. Rxa6 c5 33. Bc3 g6 34. a4 h5 35.
a5 g5 36. Ra8 h4 37. Rd8 Ke6 38. a6 g4 39. a7 h3+ 40. Kg1 Nb6 41. Ba5 Be3+ 42.
Kh1 Ke7 43. Bxb6 Kxd8 44. a8=Q+ Kd7 45. Qd5+ Kc8 46. Qc6 1-0

[Event "Early-Titled-Tuesday-Blitz-April-23-2024"]
[Site "Chess.com"]
[Date "2024.04.23"]
[Round "10"]
[White "AlphaGoosee"]
[Black "superchess02"]
[Result "0-1"]
[WhiteElo "2638"]
[BlackElo "2881"]
[TimeControl "180+1"]
[EndTime "10:00:11 PDT"]
[Termination "superchess02 won by resignation"]

1. e4 c5 2. Nf3 d6 3. d4 cxd4 4.
Nxd4 Nf6 5. Nc3 a6 6. f3 e6 7. Nb3 b5 8. Be2 Bb7 9. O-O Nbd7 10. a4 b4 11. Na2 d5 12. exd5 Bxd5 13. a5 Bd6 14. c4 bxc3 15. Nxc3 Qb8 16. Nxd5 Bxh2+ 17. Kh1 Nxd5 18. Ra4 Bg3 19. Rg4 h5 20. Rxg7 h4 21. f4 N7f6 22. Bc4 Qb4 23. Bxd5 Nxd5 24. Nd4 Rc8 25.
Nxe6 fxe6 26. Qg4 Qe4 27. Bd2 Rc2 28. Rg6 Kd7 29. Rd1 Rxd2 30. Rg1 h3 31. Rg7+ Kd6 0-1

[Event "Early-Titled-Tuesday-Blitz-April-23-2024"]
[Site "Chess.com"]
[Date "2024.04.23"]
[Round "10"]
[White "EliteChess0967"]
[Black "yaguigor"]
[Result "1-0"]
[WhiteElo "2447"]
[BlackElo "2571"]
[TimeControl "180+1"]
[EndTime "10:00:13 PDT"]
[Termination "EliteChess0967 won by resignation"]

1. d4 d5 2. Nf3 Nf6 3. c4 c6 4.
Nc3 e6 5. e3 Nbd7 6. Be2 Bd6 7.
O-O O-O 8. Qc2 b6 9. b3 Bb7 10.
Bb2 Qe7 11. e4 Nxe4 12. Nxe4 dxe4 13. Qxe4 Nf6 14. Qc2 c5 15. Rad1 Rad8 16. h3 h6 17. dxc5 Bxc5 18. Ne5 Ne4 19. Bf3 Rxd1 20. Bxd1 Rd8 21.
Nd3 Bd4 22. Bxd4 Rxd4 23. Be2 Qd8 24. Rd1 Qf6 25. Bf3 Nc5 26. Bxb7 Nxb7 27. Ne1 Qd8 28. Rxd4 Qxd4 29. Nf3 Qa1+ 30. Kh2 Nc5 31. b4 Nd7 32. c5 bxc5 33. bxc5 Ne5 34. Nxe5 Qxe5+ 35. g3 Qc7 36. c6 e5 37. Qc5 e4 38. Qd5 Qb7 39. cxb7 1-0

[Event "Early-Titled-Tuesday-Blitz-April-23-2024"]
[Site "Chess.com"]
[Date "2024.04.23"]
[Round "10"]
[White "BenchGM"]
[Black "willyam13"]
[Result "0-1"]
[WhiteElo "2230"]
[BlackElo "2434"]
[TimeControl "180+1"]
[EndTime "10:00:13 PDT"]
[Termination "willyam13 won on time"]

1. e4 e5 2. Nf3 Nc6 3. Bb5 a6 4. Ba4 Nf6 5. O-O Be7 6. Re1 b5 7. Bb3 d6 8. c3 O-O 9. h3 Na5 10. Bc2 c5 11. d4 Qc7 12. Nbd2 cxd4 13. cxd4 Rd8 14. Nf1 Bb7 15. Ng3 Nc6 16. Nf5 Bf8 17. Bg5 Nb4 18. Bxf6 gxf6 19. Bb3 a5 20. Nh2 a4 21.
Ng4 Bg7 22. Ngh6+ Kf8 23. Bxf7 Bc8 24. Qg4 Bxf5 25. exf5 Bxh6 26. Qg8+ Ke7 27. Qxh7 Rh8 28. Qg6 Nc2 29. Be6 Raf8 30. Re2 Nxa1 0-1

[Event "Early-Titled-Tuesday-Blitz-April-23-2024"]
[Site "Chess.com"]
[Date "2024.04.23"]
[Round "10"]
[White "ChadBiryani"]
[Black "DanyKopy"]
[Result "0-1"]
[WhiteElo "2448"]
[BlackElo "2561"]
[TimeControl "180+1"]
[EndTime "10:00:15 PDT"]
[Termination "DanyKopy won by resignation"]

1. c4 e6 2. g3 Nf6 3. Bg2 d5 4.
Nf3 c5 5. cxd5 exd5 6. d4 Nc6 7.
O-O Bg4 8. dxc5 Bxc5 9. Nc3 O-O 10. Bg5 d4 11. Bxf6 Qxf6 12. Ne4 Qe7 13. Nxc5 Qxc5 14.
Qd2 Rfe8 15. Rac1 Qb6 16. h3 Bh5 17. Rc4 Rad8 18. Rd1 d3 19. e3 Bxf3 20. Bxf3 Ne5 21.
Rf4 g5 22. Rf5 Qg6 23. Be4 Qxf5 24. Bxf5 Nf3+ 25. Kg2 Nxd2 26. Rxd2 Re5 27. g4 Rd6 28.
a3 h6 29. Kg3 Kf8 30. h4 Ke7 31. hxg5 hxg5 32. Kf3 Rc5 33. e4 Rc2 34. Ke3 Rxd2 35. Kxd2 Kf6 36. Bc8 b6 37. Bb7 Rd4 38. f3 Ke5 39.
Ba6 Kf4 40. Bxd3 Kxf3 41. e5 Kxg4 42. Kc3 Rxd3+ 43. Kxd3 Kf4 44. Kd4 g4 0-1

[Event "Early-Titled-Tuesday-Blitz-April-23-2024"]
[Site "Chess.com"]
[Date "2024.04.23"]
[Round "10"]
[White "Zhigalko_Sergei"]
[Black "Zurability"]
[Result "1-0"]
[WhiteElo "2929"]
[BlackElo "2740"]
[TimeControl "180+1"]
[EndTime "10:00:17 PDT"]
[Termination "Zhigalko_Sergei won on time"]

1. e4 c5 2. Nf3 d6 3. d4 cxd4 4.
Qxd4 a6 5. Bc4 Nc6 6. Qd3 Bg4 7. Nc3 e6 8. Bf4 Qc7 9. O-O-O Bxf3 10. Qxf3 Nf6 11. Bb3 Be7 12. Kb1 O-O 13. g4 Ne5 14. Qg2 Nexg4 15. Rdg1 g6 16. h4 Qc5 17. f3 Ne5 18. h5 Rfc8 19. Qh3 Kf8 20. hxg6 Nxg6 21. Bg5 Ke8 22. f4 b5 23. f5 Ne5 24. fxe6 b4 25. exf7+ Kd8 26. Bxf6 1-0